 Dungeon Crawl Stone Soup version 0.30.1 (webtiles) character file.

Game seed: 4950768097866346638

107 javelincjr the Caller (level 4, -1/32 HPs)
             Began as a Demonspawn Summoner on July 5, 2023.
             Was a Follower of Makhleb.
             Slain by Grinder (3 damage)
             ... on level 3 of the Dungeon.
             The game lasted 00:10:10 (2221 turns).

javelincjr the Caller (Demonspawn Summoner)         Turns: 2221, Time: 00:10:11

Health: -1/32      AC:  3    Str:  8    XL:     4   Next: 56%
Magic:  1/8        EV: 12    Int: 18    God:    Makhleb [*.....]
Gold:   147        SH:  0    Dex: 14    Spells: 5/8 levels left

rFire   . . .        o - +0 spear
rCold   . . .        (no shield)
rNeg    + . .        f - +0 leather armour
rPois   .            (helmet restricted)
rElec   .            (no cloak)
rCorr   .            (no gloves)
SInv    .            (no boots)
Will    .....        k - amulet of the acrobat
Stlth   ++           l - ring of positive energy
HPRegen 0.25/turn    w - ring of flight
MPRegen 0.11/turn

%: acrobat
@: flying
A: antennae 1, sturdy frame 1
a: Renounce Religion


You were on level 3 of the Dungeon.
You worshipped Makhleb.
Makhleb was aware of your devotion.
You visited 1 branch of the dungeon, and saw 3 of its levels.

You collected 147 gold pieces.

Inventory:

Hand Weapons
 d - a +0 short sword
 o - a +0 spear (weapon)
Missiles
 g - 3 curare-tipped darts
Armour
 a - a +0 robe
 f - a +0 leather armour (worn)
Jewellery
 k - an amulet of the acrobat (around neck)
 l - a ring of positive energy (left hand)
 w - a ring of flight (right hand)
Wands
 i - a wand of acid (14)
 q - a wand of flame (14)
Scrolls
 c - a scroll of enchant armour {unknown}
 j - a scroll of identify {unknown}
 n - 2 scrolls of teleportation {unknown}
 r - a scroll of vulnerability {unknown}
 s - a scroll of brand weapon {unknown}
 u - a scroll of acquirement {unknown}
 v - a scroll of fear {unknown}
Potions
 b - a potion of magic
 e - 2 potions of lignification {unknown}
 h - 2 potions of curing {unknown}
 m - a potion of flight {unknown}
 p - a potion of heal wounds {unknown}
 t - a potion of degeneration {unknown}


   Skills:
 + Level 1.6 Fighting
 + Level 2.5 Dodging
 + Level 2.5 Stealth
 + Level 2.6 Spellcasting
 + Level 4.4 Summonings


You had 5 spell levels left.
You knew the following spells:

 Your Spells              Type           Power      Damage    Failure   Level
a - Summon Small Mammal   Summ           72%        N/A       3%          1
b - Call Imp              Summ           36%        N/A       4%          2

Your spell library contained the following spells:

 Spells                   Type           Power      Damage    Failure   Level
 Call Canine Familiar     Summ           18%        N/A       9%          3
 Summon Guardian Golem    Hex/Summ       10%        N/A       22%         3
 Dazzling Flash           Conj/Hex       4%         N/A       50%         3
 Volatile Blastmotes      Fire/Tloc      4%         2d10      50%         3
 Summon Lightning Spire   Summ/Air       10%        N/A       58%         4
 Iskenderun's Mystic Bla  Conj/Tloc      2%         2d3       88%         4
 Starburst                Conj/Fire      1%         6d3       100%        6


Dungeon Overview and Level Annotations

Branches:
Dungeon (3/15)

Altars:
Makhleb

Annotations:
D:3 Grinder


Innate Abilities, Weirdness & Mutations

You have a pair of small antennae on your head.
Your movements are slightly less encumbered by armour. (ER -2)


Message History

Your cerulean imp closely misses Grinder.
Your quokka bites Grinder.
Reach: o) +0 spear
Press: ? - help, Dir - move target, f/p - Grinder
Aim: Grinder (heavily wounded, not watching you, ally target, about 43% to evade your +0 spear)
You reach to attack!
You hit Grinder but do no damage.
Grinder is heavily wounded.
Your bat misses Grinder.
Your bat barely misses Grinder.
Your bat closely misses Grinder.
Grinder hits your cerulean imp.
Your quokka barely misses Grinder.
Your cerulean imp closely misses Grinder.
Reach: o) +0 spear
Press: ? - help, Dir - move target, f/p - Grinder
Aim: Grinder (heavily wounded, ally target, about 43% to evade your +0 spear)
You reach to attack!
You barely miss Grinder.
Grinder is heavily wounded.
Your bat hits Grinder but does no damage.
Your quokka bites Grinder.
Grinder hits your cerulean imp.
Your cerulean imp dies!
Your cerulean imp disappears in a puff of smoke!
Unknown command.
Casting: Summon Small Mammal (safe; 3% risk of failure)
Confirm with . or Enter, or press ? or * to list all spells.
A tiny devil pulls itself out of the air.
Your bat closely misses Grinder.
Your quokka bites Grinder.
Grinder gestures at you. Pain shoots through your body!
* * * LOW HITPOINT WARNING * * *
Your quokka barely misses Grinder.
Grinder says, "FISH!"
Your cerulean imp closely misses Grinder.
Found a stone staircase leading up.
Your bat hits Grinder.
There is a stone staircase leading up here.
Your bat hits Grinder.
Your quokka closely misses Grinder.
You hit Grinder but do no damage.
Grinder is severely wounded.
Grinder hits you.
* * * LOW HITPOINT WARNING * * *
You writhe in agony.
You die...

#.#...............#.####
#........#.#####..#...
#............. ...#.##.
.♣#..........### #..#
..P..........# ...
.............##### ..?
~~.......).rb#...
~~♣.######.#5#<#
~♣~P.......5.@.#
~~~..........#.# ~
.#.####.###.# .. ...# .#
.....# .# ...... ..
....## ## .#...


You could see Grinder (ally target), a friendly cerulean imp (summoned), a
friendly quokka (summoned) and a friendly bat (summoned).

Vanquished Creatures
  A dart slug (D:2)
  2 orcs (D:3)
  A ball python (D:1)
  A bat (D:1)
  6 endoplasms
  3 goblins
  A quokka (D:1)
  A kobold (D:2)
16 creatures vanquished.

Vanquished Creatures (collateral kills)
  A hound (D:3)
  An adder (D:2)
  A worm (D:2)
  2 dart slugs (D:2)
  3 orcs (D:3)
  3 endoplasms (D:1)
  3 goblins
  4 hobgoblins
  3 jackals (D:3)
  2 quokkas
  3 ball pythons
  A bat (D:1)
  2 frilled lizards (D:1)
  A kobold (D:1)
  3 rats
33 creatures vanquished.

Grand Total: 49 creatures vanquished

Notes
Turn   | Place    | Note
-------+----------+-------------------------------------------
     0 | D:1      | javelincjr the Demonspawn Summoner began the quest for the
                  | Orb.
     0 | D:1      | Reached XP level 1. HP: 13/13 MP: 3/3
   197 | D:1      | Gained mutation: Your movements are slightly less
                  | encumbered by armour. (ER -2) [demonic ancestry]
   197 | D:1      | Reached XP level 2. HP: 20/20 MP: 3/5
   352 | D:1      | Learned a level 2 spell: Call Imp
  1043 | D:2      | Reached skill level 1 in Fighting
  1043 | D:2      | Reached XP level 3. HP: 21/26 MP: 1/6
  1755 | D:2      | Found a faded altar of an unknown god.
  1764 | D:2      | Prayed at the altar of an unknown god.
  1764 | D:2      | Became a worshipper of Makhleb the Destroyer
  1764 | D:2      | Reached * piety under Makhleb
  2101 | D:3      | Gained mutation: You have a pair of small antennae on your
                  | head. [demonic ancestry]
  2101 | D:3      | Reached XP level 4. HP: 25/32 MP: 3/7
  2191 | D:3      | Noticed Grinder
  2202 | D:3      | Paralysed by Grinder for 5 turns
  2221 | D:3      | Slain by Grinder

Illustrated notes

Levels and vault maps discovered:
D:1:      dpeg_arrival_stone_temple_mockup, layout_basic
D:2:      layout_loops_ring, hellmonk_ecumenical_altar_prayer_group,
          chequers_jeans, st_stairs_4, chequers_garden
D:3:      layout_basic, grunt_temple_overflow_open,
          mainiacjoe_overflow_tiny_flanked, serial_rivers,
          chequers_serial_rivers_micro_a, chequers_serial_rivers_marsh,
          chequers_serial_rivers_large_b, chequers_serial_rivers_small_a,
          serial_bayou_pond_a, uniq_grinder

Skill      XL: |  1  2 |
---------------+-------+-----
Stealth        | 2 |  2.5
Dodging        | 2 |  2.5
Fighting       | 1 |  1.6
Spellcasting   | |  2.6
Summonings     | |  4.4

Action                     |  1- 3 |  4- 6 || total
---------------------------+-------+-------++-------
  Melee: Unarmed           |    18 |       ||    18
         Short sword       |    57 |       ||    57
         Punch             |     2 |       ||     2
         Spear             |    37 |    23 ||    60
   Cast: Summon Small Mamm |    24 |     6 ||    30
         Call Imp          |    13 |     3 ||    16
   Stab: Sleeping          |     2 |       ||     2
 Armour: Robe              |    10 |       ||    10
         Leather armour    |    13 |     4 ||    17
  Dodge: Dodged            |    80 |     6 ||    86
